 Dungeon Crawl Stone Soup version 0.30-a0-595-g91969c0fa5 (webtiles) character file.

Game seed: 4391840895705538580

6389 kae the Transmogrifier (level 10, -23/87 HPs)
             Began as a Demonspawn Transmuter on Jan 6, 2023.
             Was a Follower of Ru.
             Hit by a large rock thrown by a cyclops (25 damage)
             ... on level 8 of the Dungeon.
             The game lasted 00:11:17 (8527 turns).

kae the Transmogrifier (Demonspawn Transmuter)      Turns: 8527, Time: 00:11:17

Health: -23/87     AC:  8    Str: 10    XL:     10   Next: 66%
Magic:  16/19      EV: 13    Int: 19    God:    Ru [*.....]
Gold:   346        SH:  0    Dex: 14    Spells: 5/21 levels left

rFire   x . .      SeeInvis .      - Unarmed
rCold   + + +      Faith    .    (shield currently unavailable)
rNeg    . . .      Spirit   .    (body armour currently unavailable)
rPois   +          Reflect  .    (helmet currently unavailable)
rElec   .          Harm     .    (cloak currently unavailable)
rCorr   .          Rampage  .    (gloves currently unavailable)
Will    .....                    (boots currently unavailable)
Stlth   +                        (no amulet)
HPRegen 0.34/turn                (no ring)
MPRegen 0.16/turn                (no ring)

@: mighty, ice-form, wereblooded, unable to read
A: freezing attack, amphibious, boosted hp, large, repulsion field 1, foul
stench 1, powered by pain 1, inability to read after injury 2, (weakness stinger
2)
a: End Transformation, Renounce Religion


You were on level 8 of the Dungeon.
You worshipped Ru.
Ru was aware of your devotion.
You were a creature of crystalline ice.
You visited 2 branches of the dungeon, and saw 9 of its levels.

You collected 346 gold pieces.


Innate Abilities, Weirdness & Mutations

You are a creature of crystalline ice.
You have a powerful freezing melee attack.
You are amphibious.
Your maximum health is increased.
Your armour is entirely melded.
You are incapable of wielding weapons or throwing items.
You are surrounded by a mild repulsion field. (EV +2)
You may rarely emit foul miasma when damaged in melee.
You sometimes gain a little power by taking damage.
You sometimes lose the ability to read scrolls when taking damage.
((You have a tail ending in a sharp stinger.))


   Skills:
 - Level 4.7 Fighting
 - Level 4.6 Dodging
 + Level 8.5 Unarmed Combat
 + Level 6.2 Spellcasting
 * Level 9.5 Transmutations
 - Level 4.0 Ice Magic
 * Level 4.1 Air Magic
 - Level 1.5 Poison Magic


You had 5 spell levels left.
You knew the following spells:

 Your Spells              Type           Power      Damage    Failure   Level
b - Wereblood             Tmut           42%        N/A       1%          2
c - Spider Form           Tmut/Pois      26%        N/A       3%          3
d - Ice Form              Ice/Tmut       31%        N/A       7%          4
e - Storm Form            Tmut/Air       15%        N/A       99%         7

Your spell library contained the following spells:

 Spells                   Type           Power      Damage    Failure   Level
 Beastly Appendage        Tmut           84%        N/A       1%          1
 Slow                     Hex            20%        N/A       11%         1
 Blink                    Tloc           10%        N/A       17%         2
 Summon Ice Beast         Ice/Summ       13%        N/A       43%         4
 Olgreb's Toxic Radiance  Pois           11%        N/A       52%         4
 Anguish                  Hex/Necr       2%         N/A       73%         4
 Animate Dead             Necr           5%         N/A       73%         4
 Manifold Assault         Tloc           5%         N/A       73%         4
 Metabolic Englaciation   Hex/Ice        6%         N/A       80%         5
 Summon Mana Viper        Hex/Summ       5%         N/A       97%         5
 Eringya's Noxious Bog    Tmut/Pois      13%        N/A       87%         6
 Haunt                    Necr/Summ      2%         N/A       100%        7
 Monstrous Menagerie      Summ           2%         N/A       100%        7
 Infestation              Necr           2%         N/A       100%        8

Inventory:

Missiles
 c - a throwing net {=f!f}
 g - 56 stones
 i - 10 poisoned darts
 m - 6 boomerangs (quivered)
Armour
 a - a +1 robe (melded)
Magical Staves
 n - a staff of death {!a}
   (You took it off an orc wizard on level 5 of the Dungeon)
Wands
 r - a wand of flame (13)
   (You took it off Duvessa on level 5 of the Dungeon)
 u - a wand of roots (9)
   (You found it on level 6 of the Dungeon)
Scrolls
 d - 2 scrolls of noise {!r}
 e - 3 scrolls of enchant weapon
 f - a scroll of fear
 o - 2 scrolls of blinking {!r}
 t - a scroll of summoning
 v - a scroll of teleportation {@r4}
 w - 3 scrolls of poison {!r}
 y - a scroll of magic mapping {!r}
Potions
 b - 2 potions of brilliance
 h - 5 potions of curing {@q1}
 j - 4 potions of degeneration {!q}
 k - 3 potions of haste {@q3}
 l - a potion of attraction {!q}
 p - 2 potions of lignification {!q}
 q - a potion of mutation {unknown}
 s - a potion of cancellation
 z - a potion of heal wounds {@q2}
 A - a potion of flight

Dungeon Overview and Level Annotations

Branches:
Dungeon (8/15) Zot: 26123  Temple (1/1) D:5 Zot: 5612    Lair (0/5) D:8

Altars:
Ashenzari
Cheibriados
Dithmenos
Fedhas
Gozag
Hepliaklqana
Kikubaaqudgha
Makhleb
Nemelex Xobeh
Okawaru
Qazlal
Ru
Sif Muna
Trog
Uskayaw
Vehumet
Wu Jian
Xom
Yredelemnul

Shops:
D:8 [

Annotations:
D:3 1 runed translucent door

##....# ......# ####### #
# #########..# ####
#)))........ ...#
#)######.#.#
##.###########)######...#
..P...........).Yo)......
.~~≈~~~~~~≈)≈≈≈~≈≈)~....~
.~≈~≈≈≈≈≈≈≈≈≈≈)≈≈≈≈~....≈
.~≈#####~≈≈~≈~))≈~≈~(...≈
.~≈#.og#.................
.~≈#..o#############C'''#
P~≈###'# ....# .~≈~ .#
....+


You could see a cyclops and an orc warrior.


Message History

You take 5 damage, and now have 53/87 hp.
Unknown command.
You completely miss the gnoll. The gnoll closely misses you.
You barely miss the gnoll. The gnoll closely misses you.
You pummel the gnoll!! You freeze the gnoll.
You feel a bit better.
You kill the gnoll!
You howl as the wereblood boils in your veins!
The hound completely misses you. 😮 HP[+4]
You regained 4 hp, and now have 57/87 hp.
You pummel the hound!! You freeze the hound!
You feel a bit better.
You kill the hound! 😮 HP[+2]
You regained 2 hp, and now have 59/87 hp.
You hit the orc warrior. You freeze the orc warrior.
The orc warrior barely misses you.
You punch the orc warrior! You freeze the orc warrior.
Your primal bloodlust has ended.
The orc warrior hits you with a +0 short sword!
You feel threatened and lose the ability to read scrolls! 😮 HP[-8] MP[+1]
You take 8 damage, and now have 51/87 hp.
You barely miss the orc warrior.
The gnoll splashes around in the water.
An orc priest comes into view. It is wielding a +0 short sword.
The orc warrior hits you with a +0 short sword!
* * * LOW HITPOINT WARNING * * *
😨 HP[-8]
You take 8 damage, and now have 43/87 hp.
You punch the orc warrior! You freeze the orc warrior.
You kill the orc warrior!
The gnoll closely misses you.
The orc priest invokes the aid of Beogh against you.
Beogh smites you!
* * * LOW HITPOINT WARNING * * *
You focus on the pain.
You feel very mighty all of a sudden. 😨 HP[-9]
You take 9 damage, and now have 34/87 hp.
The orc priest begins to cast a cantrip, but forgets the words!
An orc warrior comes into view. It is wielding a +0 hand axe. 😨 HP[+1]
The ogre attacks as you move away! The ogre misses you.
Things that are here:
a +0 dagger; a kobold corpse
Items here: )))) [ †.
Casting: Ice Form (dangerous; 7% risk of failure)
Confirm with . or Enter, or press ? or * to list all spells.
Your blood is infused with primal strength.
The ogre hits you with a +0 giant club!
* * * LOW HITPOINT WARNING * * *
You focus on the pain.
You feel mightier all of a sudden.
The orc warrior shouts! 😨 HP[-7] MP[-1]
You take 7 damage, and now have 28/87 hp.
You lost 1 mp, and now have 15/19 mp.
You punch the ogre! You freeze the ogre. The ogre barely misses you.
The gnoll barely misses you.
You pummel the ogre!! You freeze the ogre.
You feel a bit better.
You kill the ogre! 😨 HP[+1]
The gnoll misses you.
The orc warrior throws a stone.
The stone hits you but does no damage.
The orc priest begins to pray, but is stunned by your conviction!
Things that are here:
a +0 giant club; a +0 dagger; a kobold corpse 😨 HP[+1]
You pummel the gnoll!! You freeze the gnoll.
You feel a bit better.
You kill the gnoll! 😨 HP[+2]
You regained 2 hp, and now have 32/87 hp.
Items here: )) ††. 😨 HP[+1] MP[+1]
You barely miss the orc priest.
The orc priest hits you but does no damage.
You hit the orc priest. You freeze the orc priest.
The orc priest mumbles some strange prayers to Beogh against you.
Beogh smites you!
* * * LOW HITPOINT WARNING * * *
😱 HP[-14]
You take 14 damage, and now have 19/87 hp.
You punch the orc priest! You freeze the orc priest.
You feel a bit better.
You kill the orc priest!
You hear a shout!
A cyclops comes into view.
You hear a shout! 😨 HP[+3]
You regained 3 hp, and now have 22/87 hp.
The orc warrior hits you with a +0 hand axe!
* * * LOW HITPOINT WARNING * * *
Things that are here:
a +0 short sword; a +0 ring mail; an orc corpse 😱 HP[-10]
You take 10 damage, and now have 12/87 hp.
You barely miss the orc warrior. The orc warrior closely misses you.
You barely miss the orc warrior.
The orc warrior hits you with a +0 hand axe!
* * * LOW HITPOINT WARNING * * *
The cyclops throws a large rock.
The large rock hits you!!
You die...

Skill      XL: |  1  2  3  4  5  6  7  8  9 10 |
---------------+-------------------------------+-----
Transmutations | 2 3 4 5 8 9 |  9.5
Unarmed Combat | 3 4 7 8 |  8.5
Poison Magic   | 1 |  1.5
Spellcasting   | 3 5 6 |  6.2
Ice Magic      | 2 3 4 |  4.0
Fighting       | 4 |  4.7
Dodging        | 4 |  4.6
Air Magic      | 2 4 |  4.1

Action                   |  1- 3 |  4- 6 |  7- 9 | 10-12 || total
-------------------------+-------+-------+-------+-------++-------
Melee: Unarmed           |   116 |   142 |   158 |   101 ||   517
       Kick              |    15 |    25 |       |       ||    40
       Headbutt          |     8 |    12 |       |       ||    20
       Tailslap          |    11 |     5 |       |       ||    16
       Punch             |     1 |     1 |       |       ||     2
Throw: Boomerang         |     5 |    17 |       |       ||    22
 Cast: Beastly Appendage |    13 |    24 |       |       ||    37
       Spider Form       |       |    11 |    11 |       ||    22
       Ice Form          |       |       |    19 |     5 ||    24
       Wereblood         |       |       |     2 |     5 ||     7
Invok: Sacrifice Words   |       |       |       |     1 ||     1
  Use: Scroll            |     7 |     1 |    10 |       ||    18
       Potion            |       |     3 |     1 |       ||     4
 Stab: Sleeping          |       |     1 |       |       ||     1
       Distracted        |       |       |       |     1 ||     1
Armor: Robe              |    24 |    10 |     1 |       ||    35
       Skin              |       |     8 |    31 |    22 ||    61
Dodge: Dodged            |    85 |    74 |    84 |    58 ||   301

Levels and vault maps discovered:
D:1:      dpeg_cavernosity, layout_rooms, minmay_misc_feat_cross,
          supply_closet_lemuel
D:2:      layout_basic, basic_altar
D:3:      minmay_skewed_foursquare, layout_basic, dk_yredelemnul_ordeal,
          chequers_ecumenical_altar_grove, st_stairs_7,
          chequers_serial_rivers_small_3
D:4:      layout_cave_pools, mainiacjoe_overflow_surrounded_room, uniq_sigmund
D:5:      layout_basic, minmay_temple_entry_hall, minmay_crystal_room,
          uniq_duvessa
D:6:      layout_rooms, abandoned_shop
D:7:      wad_pebble_path, layout_basic
D:8:      lemuel_castle_with_subvaults [lemuel_castle_interior_original],
          layout_loops_ring, dpeg_oklobed_lair, serial_shops, shop,
          amcnicky_mini_rare_corridor_liquid, corner_web_ring, minivault_22,
          dk_noncrumbling_2, uniq_erica
Temple:   mainiacjoe_temple_cubbyholes

Notes
Turn   | Place    | Note
-------+----------+-------------------------------------------
     0 | D:1      | kae the Demonspawn Transmuter began the quest for the Orb.
     0 | D:1      | Reached XP level 1. HP: 15/15 MP: 3/3
     0 | D:1      | magus.rc [v1.11.3]
   218 | D:1      | Reached skill level 2 in Transmutations
   288 | D:1      | Gained mutation: You have a small tail. [demonic ancestry]
   288 | D:1      | Reached XP level 2. HP: 15/21 MP: 3/5
   670 | D:1      | Reached skill level 3 in Unarmed Combat
   689 | D:1      | Learned a level 2 spell: Wereblood
  1002 | D:2      | Reached XP level 3. HP: 9/26 MP: 4/6
  1006 | D:2      | Learned a level 3 spell: Spider Form
  1146 | D:2      | Found an opulent altar of Gozag.
  1189 | D:2      | HP: 6/26 [worm (9)]
  1191 | D:2      | HP: 2/26 [worm (5)]
  1312 | D:2      | Reached skill level 1 in Poison Magic
  1312 | D:2      | Gained mutation: You may rarely emit foul miasma when
                  | damaged in melee. [demonic ancestry]
  1312 | D:2      | Reached XP level 4. HP: 26/32 MP: 5/7
  1342 | D:2      | Reached skill level 3 in Transmutations
  2104 | D:3      | You add the spells Slow, Anguish, Olgreb's Toxic Radiance,
                  | Metabolic Englaciation and Eringya's Noxious Bog to your
                  | library.
  2104 | D:3      | Got the Atlas of Putrescence and Misfortune
  2195 | D:3      | You add the spells Blink, Manifold Assault and Storm Form
                  | to your library.
  2433 | D:3      | Found a runed translucent door.
  2433 | D:3      | Noticed a human
  2437 | D:3      | Found a basalt altar of Yredelemnul.
  2749 | D:3      | Gained mutation: You sometimes gain a little power by
                  | taking damage. [demonic ancestry]
  2749 | D:3      | Reached XP level 5. HP: 33/37 MP: 5/9
  3402 | D:3      | Found a faded altar of an unknown god.
  3498 | D:4      | Noticed Sigmund
  3652 | D:3      | HP: 7/37 [gnoll/+0 flail[a gnoll bouda] (4)]
  3797 | D:3      | Reached skill level 3 in Spellcasting
  3895 | D:4      | Reached skill level 4 in Transmutations
  4024 | D:4      | Reached XP level 6. HP: 40/43 MP: 7/10
  4041 | D:4      | Learned a level 4 spell: Ice Form
  4109 | D:4      | Reached skill level 4 in Unarmed Combat
  4110 | D:4      | Reached skill level 1 in Ice Magic
  4162 | D:4      | You pick up a book of Death and begin reading...
  4162 | D:4      | You add the spells Animate Dead, Haunt and Infestation to
                  | your library.
  4201 | D:4      | Found a blossoming altar of Fedhas.
  4387 | D:4      | Killed Sigmund
  4388 | D:4      | Reached skill level 5 in Transmutations
  4388 | D:4      | Reached skill level 2 in Ice Magic
  4388 | D:4      | Gained mutation: You have a tail ending in a sharp stinger.
                  | [demonic ancestry]
  4388 | D:4      | Reached XP level 7. HP: 14/48 MP: 9/11
  4669 | D:5      | Entered Level 5 of the Dungeon
  4672 | D:5      | Identified a potion of experience
  4814 | D:5      | Reached skill level 4 in Fighting
  4814 | D:5      | Reached skill level 4 in Dodging
  4814 | D:5      | Reached skill level 7 in Unarmed Combat
  4814 | D:5      | Reached skill level 5 in Spellcasting
  4814 | D:5      | Reached skill level 8 in Transmutations
  4814 | D:5      | Reached XP level 8. HP: 56/61 MP: 8/15
  5065 | D:5      | Found a staircase to the Ecumenical Temple.
  5076 | Temple   | Entered the Ecumenical Temple
  5414 | Temple   | Became a worshipper of Ru the Awakened
  5701 | D:5      | Noticed Dowan
  6107 | D:5      | Noticed Duvessa
  6122 | D:5      | Killed Duvessa
  6124 | D:5      | Killed Dowan
  6241 | D:6      | Reached skill level 3 in Ice Magic
  6248 | D:6      | Killed an unseen horror
  6249 | D:6      | Reached XP level 9. HP: 62/66 MP: 13/17
  6354 | D:6      | Learned a level 7 spell: Storm Form
  6385 | D:6      | You pick up a book of Beasts and begin reading...
  6385 | D:6      | You add the spells Summon Ice Beast, Summon Mana Viper and
                  | Monstrous Menagerie to your library.
  6932 | D:7      | Reached skill level 1 in Air Magic
  7655 | D:8      | Noticed Erica
  7669 | D:7      | HP: 18/79 [rock wall collision (14)]
  7670 | D:7      | Killed Erica
  7671 | D:7      | Reached skill level 8 in Unarmed Combat
  7671 | D:7      | Reached skill level 4 in Ice Magic
  7671 | D:7      | Reached skill level 2 in Air Magic
  7862 | D:8      | Reached skill level 9 in Transmutations
  7862 | D:8      | Gained mutation: You are surrounded by a mild repulsion
                  | field. (EV +2) [demonic ancestry]
  7862 | D:8      | Reached XP level 10. HP: 41/73 MP: 15/18
  7995 | D:8      | Reached skill level 3 in Air Magic
  8003 | D:8      | Gained mutation: You occasionally lose the ability to read
                  | scrolls when taking damage. [Ru sacrifice]
  8003 | D:8      | Gained mutation: You sometimes lose the ability to read
                  | scrolls when taking damage. [Ru sacrifice]
  8003 | D:8      | Reached * piety under Ru
  8008 | D:8      | Reached skill level 6 in Spellcasting
  8014 | D:8      | Found Exufehi's Armour Emporium.
  8378 | D:8      | Found a staircase to the Lair.
  8447 | D:8      | Noticed a two-headed ogre
  8454 | D:8      | Killed a two-headed ogre
  8455 | D:8      | Reached skill level 4 in Air Magic
  8523 | D:8      | HP: 19/87 [orc priest/divine providence (14)]
  8524 | D:8      | Noticed a cyclops
  8527 | D:8      | HP: 2/87 [orc warrior/+0 hand axe (11)]
  8527 | D:8      | Hit by a large rock thrown by a cyclops

Vanquished Creatures
  A two-headed ogre (D:8)
  Erica (D:7)
  An unseen horror (D:6)
  Sigmund (D:4)
  10 yaks (D:8)
  A steam dragon (D:8)
  Duvessa (D:5)
  2 orc warriors (D:8)
  3 ice beasts
  2 ogres (D:8)
  A centaur (D:7)
  2 phantoms
  A kobold brigand (D:8)
  2 bullfrogs
  2 gnoll sergeants
  A necrophage (D:6)
  3 scorpions
  Dowan (D:5)
  A howler monkey (D:8)
  2 jellies (D:6)
  2 gnoll boudas
  3 orc priests
  8 hounds
  3 iguanas
  5 orc wizards
  16 gnolls
  6 adders
  2 ufetubi (D:5)
  3 dart slugs
  4 worms
  20 orcs
  10 ball pythons
  4 bats
  8 endoplasms
  3 giant cockroaches (D:1)
  4 goblins
  3 hobgoblins
  3 quokkas
  5 frilled lizards
  A jackal zombie (D:3)
  13 kobolds
  5 rats
170 creatures vanquished.

Vanquished Creatures (collateral kills)
  A hound (D:6)
1 creature vanquished.

Vanquished Creatures (others)
  3 fungi
3 creatures vanquished.

Grand Total: 174 creatures vanquished

Table legend:
 A = Non-vault XP
 B = Vault XP
 C = Vault XP percentage of total XP
 D = Non-vault monster count
 E = Vault monster count
 F = Vault count percentage of total count
                 A         B        C        D         E       F
            +---------+---------+-------+---------+---------+-------
      Total |    6097 |    2123 |  25.8 |     136 |      35 |  20.5
            +---------+---------+-------+---------+---------+-------
        D:1 |      30 |       6 |  16.7 |      20 |       4 |  16.7
        D:2 |      78 |       0 |   0.0 |      13 |       0 |   0.0
        D:3 |     176 |      15 |   7.9 |      25 |       8 |  24.2
        D:4 |     260 |     223 |  46.2 |      12 |       1 |   7.7
        D:5 |     444 |     209 |  32.0 |      15 |       2 |  11.8
        D:6 |     966 |       0 |   0.0 |      12 |       0 |   0.0
        D:7 |     853 |     842 |  49.7 |      17 |       1 |   5.6
        D:8 |    3290 |     828 |  20.1 |      22 |      19 |  46.3
            +---------+---------+-------+---------+---------+-------

Illustrated notes

Table legend:
 A = Kills in this place as a percentage of kills in entire the game.
 B = Kills by you in this place as a percentage of kills by you in the entire game.
 C = Kills by friends in this place as a percentage of kills by friends in the entire game.
 D = Other kills in this place as a percentage of other kills in the entire game.
 E = Experience gained in this place as a percentage of experience gained in the entire game.
 F = Experience gained in this place divided by the number of levels of this place that you have seen.
                   A       B       C       D       E      F
               +-------+-------+-------+-------+-------+----------------------
         Total | 100.0 | 100.0 | 100.0 |   N/A | 100.0 | 913.3
       Dungeon | 100.0 | 100.0 | 100.0 |   N/A | 100.0 | 1027.5
               +-------+-------+-------+-------+-------+----------------------

Table legend: (Time is in decaauts)
 A = Elapsed time spent in this place.
 B = Non-inter-level travel time spent in this place.
 C = Inter-level travel time spent in this place.
 D = Time resting spent in this place.
 E = Time spent auto-exploring this place.
 F = Levels seen in this place.
 G = Mean time per level.
                   A        B        C        D        E       F      G
               +--------+--------+--------+--------+--------+-----+--------+
         Total |   8484 |   8005 |    479 |    510 |   6210 |   9 |  942.7 |
       Dungeon |   8096 |   7714 |    382 |    510 |   5923 |   8 | 1012.0 |
        Temple |    387 |    290 |     97 |      0 |    287 |   1 |  387.0 |
               +--------+--------+--------+--------+--------+-----+--------+

Top non-repeatable levels by time:
     D:3: 1866 daAuts
     D:5: 1163 daAuts
     D:2: 1139 daAuts
     D:7: 1104 daAuts
     D:1: 836 daAuts
     D:4: 810 daAuts
     D:6: 604 daAuts
     D:8: 571 daAuts
  Temple: 387 daAuts
